 Dungeon Crawl Stone Soup version 0.23.2-33-g5129a83184 (webtiles) character file.

Game seed: 14387059765704773079

26 Hebeh the Conjurer (level 2, -2/15 HPs)
             Began as a Deep Elf Conjurer on July 2, 2019.
             Slain by Sigmund
             ... wielding a +1 scythe of protection
              (8 damage)
             ... on level 2 of the Dungeon.
             The game lasted 00:05:03 (922 turns).

Hebeh the Conjurer (Deep Elf Conjurer)               Turns: 922, Time: 00:05:04

Health: -2/15      AC:  3    Str:  5    XL:     2   Next: 89%
Magic:  6/9        EV: 13    Int: 19    God:
Gold:   136        SH:  0    Dex: 15    Spells: 8/9 levels left

rFire    . . .     SeeInvis .   d - +2 hand axe (elec)
rCold    . . .     Gourm    .   (no shield)
rNeg     + . .     Faith    .   a - +0 robe
rPois    .         Spirit   .   (no helmet)
rElec    .         Reflect  .   (no cloak)
rCorr    .         Harm     .   o - +0 pair of gloves
MR       .....                  (no boots)
Stlth    ++........             (no amulet)
HPRegen  0.05/turn              e - ring of positive energy
MPRegen  0.11/turn              (no ring)

@: no status effects
A: no striking features
a: no special abilities


You were on level 2 of the Dungeon.
You were not hungry.

You visited 1 branch of the dungeon, and saw 2 of its levels.

You collected 136 gold pieces.

Inventory:

Hand Weapons
 b - a +0 dagger
 d - a +2 hand axe of electrocution (weapon)
 h - a +0 hand axe
Missiles
 l - 24 stones (quivered)
Armour
 a - a +0 robe (worn)
 o - a +0 pair of gloves (worn)
Jewellery
 e - a ring of positive energy (left hand)
 i - an uncursed ring of protection from magic {unknown}
 q - an uncursed ring of protection from cold {unknown}
Scrolls
 j - a scroll of remove curse {unknown}
 k - a scroll of identify {unknown}
 m - a scroll of blinking {unknown}
 n - a scroll of fog {unknown}
Potions
 f - a potion of berserk rage {unknown}
Comestibles
 c - a ration
 p - a chunk of flesh


   Skills:
 - Level 2.4 Dodging
 - Level 2.4 Stealth
 + Level 4.0 Spellcasting
 + Level 4.9 Conjurations


You had 8 spell levels left.
You knew the following spells:

 Your Spells              Type           Power        Failure   Level  Hunger
a - Magic Dart            Conj           ###.         1%          1    None

Your spell library contained the following spells:

 Spells                   Type           Power        Failure   Level  Hunger
 Searing Ray              Conj           ###...       2%          2    ##.....
 Dazzling Spray           Conj/Hex       ##....       16%         3    ###....
 Iskenderun's Mystic Bla  Conj           ###.....     19%         4    ####...
 Force Lance              Conj/Tloc      ##......     45%         4    ####...
 Fulminant Prism          Conj/Hex       ##........   45%         4    ####...


Dungeon Overview and Level Annotations

Branches:
Dungeon (2/15)

Altars:

Annotations:
D:2 Sigmund


Message History

You hear some strange, mumbled words.
Something tries to affect you, but you resist.
The bat moves out of view.
Throwing (i - inventory. (/) - cycle)
g - a tomahawk (quivered)
Press: ? - help, Shift-Dir - straight line, f - rat
Aim: a rat You throw a tomahawk.
The tomahawk hits the rat.
The rat is heavily wounded.
You hear some strange, mumbled words.
A puff of flame appears from out of thin air!
The puff of flame hits you!
Ouch! That really hurt!
Casting: Magic Dart (safe; 1% risk of failure)
Confirm with . or Enter, or press ? or * to list all spells.
Aiming: Magic Dart (safe; 1% risk of failure)
Press: ? - help, Shift-Dir - straight line, f/p - rat
Aim: a rat (heavily wounded)
The magic dart hits something.
Something hits you!
Ouch! That really hurt!
You die...

. ##. ...
######.####
#######....!.....
#............####
#.#####.#@.{..r((
#......<#?.......
#########....(.##
.........
##....... ...####
.... #####


You could see a rat.

Vanquished Creatures
  A gnoll (D:1)
  A giant cockroach (D:1)
  A goblin (D:1)
  2 hobgoblins (D:1)
  5 kobolds (D:1)
  3 bats (D:1)
  A frilled lizard (D:1)
  3 rats
17 creatures vanquished.

Notes
Turn   | Place    | Note
-------+----------+-------------------------------------------
     0 | D:1      | Hebeh the Deep Elf Conjurer began the quest for the Orb.
     0 | D:1      | Reached XP level 1. HP: 10/10 MP: 6/6
   300 | D:1      | Reached XP level 2. HP: 15/15 MP: 1/8
   914 | D:2      | Noticed Sigmund
   922 | D:2      | Slain by Sigmund

Skill      XL: |  1  2 |
---------------+-------+-----
Spellcasting   | 4 |  4.0
Dodging        | |  2.4
Stealth        | |  2.4
Conjurations   | |  4.9

Action                   || total
-------------------------++-------
Melee: Hand axe          ||     2
Throw: Tomahawk          ||     8
 Cast: Magic Dart        ||    28
 Stab: Sleeping          ||     1
Armor: Robe              ||     3
Dodge: Dodged            ||     1
